 Dungeon Crawl Stone Soup version 0.28-a0-973-ga7f8b01127 (webtiles) character file.

Game seed: 6746784155985472576

120 ders the Digger (level 5, -1/28 HPs)
             Began as a Gargoyle Earth Elementalist on Dec 2, 2021.
             Slain by an orc (2 damage)
             ... on level 3 of the Dungeon.
             The game lasted 00:02:50 (2695 turns).

ders the Digger (Gargoyle Earth Elementalist)       Turns: 2695, Time: 00:02:51

Health: -1/28      AC:  7    Str: 12    XL:     5   Next: 4%
Magic:  9/9        EV: 11    Int: 17    God:
Gold:   48         SH:  0    Dex: 10    Spells: 9/10 levels left

rFire   . . .      SeeInvis .   l - +0 mace (holy)
rCold   . . .      Faith    .   (no shield)
rNeg    + . .      Spirit   .   b - +0 robe
rPois   ∞          Reflect  .   (no helmet)
rElec   +          Harm     .   (no cloak)
rCorr   .          Rampage  .   (no gloves)
Will    .....                   h - +0 pair of boots
Stlth   ++........              (no amulet)
HPRegen 0.09/turn               (no ring)
MPRegen 0.11/turn               (no ring)

@: no status effects
A: sickness immunity, AC +4, negative energy resistance 1, electricity
resistance, torment resistance 1, petrification resistance
a: no special abilities


You were on level 3 of the Dungeon.
You visited 1 branch of the dungeon, and saw 3 of its levels.

You collected 48 gold pieces.

Inventory:

Hand Weapons
 d - a +0 short sword
 l - a +0 mace of holy wrath (weapon)
Armour
 b - a +0 robe (worn)
 h - a +0 pair of boots (worn)
Scrolls
 a - a scroll of summoning {unknown}
 c - a scroll of fear {unknown}
 e - 3 scrolls of identify {unknown}
 f - a scroll of immolation {unknown}
 g - a scroll of enchant armour {unknown}
 k - a scroll of teleportation {unknown}
Potions
 i - a potion of flight {unknown}
 j - a potion of curing {unknown}


   Skills:
 - Level 1.5 Dodging
 - Level 2.1 Stealth
 + Level 3.1 Spellcasting
 + Level 2.6 Conjurations
 - Level 0.7 Transmutations
 + Level 4.8 Earth Magic


You had 9 spell levels left.
You knew the following spells:

 Your Spells              Type           Power      Damage    Failure   Level
a - Sandblast             Erth           38%        2d10      2%          1

Your spell library contained the following spells:

 Spells                   Type           Power      Damage    Failure   Level
 Passwall                 Tmut/Erth      10%        N/A       9%          2
 Foxfire                  Conj/Fire      28%        2x1d5     10%         1
 Stone Arrow              Conj/Erth      30%        3d8       11%         3
 Conjure Flame            Conj/Fire      7%         6-21      30%         3
 Inner Flame              Hex/Fire       2%         N/A       45%         3
 Petrify                  Tmut/Erth      12%        N/A       50%         4
 Flame Wave               Conj/Fire      7%         2d4       69%         4


Dungeon Overview and Level Annotations

Branches:
Dungeon (3/15)

Altars:
Fedhas

Shops:
D:2 !


Innate Abilities, Weirdness & Mutations

You are immune to sickness and miasma.
Your stone body is resilient. (AC +4)
You are immune to poison.
You resist negative energy. (rN+)
You are resistant to electric shocks. (rElec)
You are resistant to unholy torment.
You are immune to petrification.


Message History

You barely miss the orc. The orc hits you with a +0 flail.
You hit the orc.
The orc is heavily wounded.
The orc hits you with a +0 flail. The orc hits you but does no damage.
You closely miss the orc.
The orc is heavily wounded.
The orc closely misses you.
You barely miss the orc.
The orc is heavily wounded.
The orc hits you with a +0 flail. The orc closely misses you.
You closely miss the orc.
The orc is heavily wounded.
The orc closely misses you.
You barely miss the orc.
The orc is heavily wounded.
The orc misses you.
You closely miss the orc.
The orc is heavily wounded.
The orc hits you but does no damage. x2
You hit the orc.
The orc is heavily wounded.
The orc hits you with a +0 flail.
You are too injured to fight recklessly!
You are too injured to fight recklessly!
The orc hits you with a +0 flail.
* * * LOW HITPOINT WARNING * * *
Found a fizzy ruby potion.
The orc hits you with a +0 flail.
* * * LOW HITPOINT WARNING * * *
You closely miss the orc.
The orc is heavily wounded.
The orc completely misses you. The orc hits you with a +0 flail.
* * * LOW HITPOINT WARNING * * *
The orc throws a boomerang.
The boomerang barely misses you.
The orc throws a boomerang.
The boomerang hits you but does no damage.
The orc throws a boomerang.
The boomerang hits you but does no damage.
You see here a +0 robe.
The orc hits you with a +0 flail.
You die...

..#......#.######
###.#.##........##
#..#.##.........#####
#.##.##..............
#.##.##...?......###
##.#..#####.......####.#
#....## ##.>..........
#..### ##...o.##.....
#.## #.....@....... #<#
#....[..#..... ###
#.......# #### ##.....##
##!..## #####


You could see an orc.

Vanquished Creatures
  An orc priest (D:3)
  3 adders (D:2)
  A worm (D:2)
  2 orcs (D:3)
  9 ball pythons
  7 endoplasms
  6 giant cockroaches
  7 goblins
  8 hobgoblins
  2 quokkas
  A bat (D:1)
  2 frilled lizards
  3 kobolds (D:1)
  3 rats
55 creatures vanquished.

Notes
Turn   | Place    | Note
-------+----------+-------------------------------------------
     0 | D:1      | ders the Gargoyle Earth Elementalist began the quest for
                  | the Orb.
     0 | D:1      | Reached XP level 1. HP: 10/10 MP: 3/3
   187 | D:1      | Noticed a great orb of eyes
   189 | D:1      | Noticed an eye of devastation
   191 | D:1      | Found a faded altar of an unknown god.
   220 | D:1      | Reached XP level 2. HP: 5/15 MP: 1/5
   427 | D:1      | Noticed an eye of devastation
   429 | D:1      | Noticed a shining eye
   437 | D:1      | Reached skill level 1 in Conjurations
   654 | D:1      | Reached skill level 4 in Earth Magic
   829 | D:1      | Reached XP level 3. HP: 19/19 MP: 3/6
  1322 | D:2      | Found a blossoming altar of Fedhas.
  1656 | D:2      | Reached XP level 4. HP: 24/24 MP: 3/8
  1948 | D:2      | Found Nappakot's Distillery.
  2593 | D:3      | Reached XP level 5. HP: 28/28 MP: 7/9
  2688 | D:3      | HP: 1/28 [orc (2)]
  2695 | D:3      | Slain by an orc

Illustrated notes

Levels and vault maps discovered:
D:1:      dpeg_arrival_water_fire, layout_basic,
          hellmonk_ecumenical_altar_watching_god
D:2:      layout_basic, basic_altar, serial_shops, nicolae_shop_hallway_stairs,
          roderic_roman_lattice
D:3:      layout_rooms, ebering_ghost_rock_garden, uniq_ijyb, uniq_jessica,
          uniq_terence

Skill      XL: |  1  2  3  4 |
---------------+-------------+-----
Conjurations   | 1 2 |  2.6
Earth Magic    | 4 |  4.8
Spellcasting   | 3 |  3.1
Dodging        | |  1.5
Stealth        | |  2.1
Transmutations | |  0.7

Action                   |  1- 3 |  4- 6 || total
-------------------------+-------+-------++-------
Melee: Short sword       |     4 |       ||     4
       Unarmed           |     2 |       ||     2
       Mace              |       |    20 ||    20
 Cast: Sandblast         |    45 |    25 ||    70
Armor: Robe              |     5 |     9 ||    14
Dodge: Dodged            |    14 |    20 ||    34

Table legend: (Time is in decaauts)
 A = Elapsed time spent in this place.
 B = Non-inter-level travel time spent in this place.
 C = Inter-level travel time spent in this place.
 D = Time resting spent in this place.
 E = Time spent auto-exploring this place.
 F = Levels seen in this place.
 G = Mean time per level.
                   A        B        C        D        E       F      G
               +--------+--------+--------+--------+--------+-----+--------+
         Total |   2701 |   2667 |     34 |    492 |   1852 |   3 |  900.3 |
       Dungeon |   2701 |   2667 |     34 |    492 |   1852 |   3 |  900.3 |
               +--------+--------+--------+--------+--------+-----+--------+

Top non-repeatable levels by time:
     D:1: 1321 daAuts
     D:2: 1053 daAuts
     D:3: 326 daAuts
